Spruce, chaotic male elven Priest --- --- ---.-- ------- --- |.. |...<| |..|..---- |..---...|.|..| |........-- -..........|--- ---- --....)....| |...........|.| |..-----.......|.-- -.. --.... |.| |...>........----.. -- | --... |.| ---------...-- |.- -.--- ...-- --...|.| ---.| |.| ....-- - ......| --....| |.| |.| ......| ........| |..|^| |^| |.|--- ................| ---|.| |.| |.|..| .........(.......| |.| |.| --....---.G.............- |.| |.| --.....G@.%..............| |.| |.| |......------- ..-- -- -.| |.----...--- | . |...F...-- . --..----- -. ---- --- Spruce the Acolyte Experience level: 4 Strength: 13 Dexterity: 9 Constitution: 12 Intelligence: 10 Wisdom: 20 Charisma: 13 Health: 0(27) Energy: 73(74) Def: 7 Gold: 413 Moves: 1571 Dungeon seed: StashvFm3RPk86wR Game ID: Spruce_1615412228 Your Inventory: Coins $ - 413 gold pieces Weapons a - a blessed +1 mace (weapon in hand) o - a +0 orcish dagger D - 11 +0 arrows (in quiver) E - a +0 bow (alternate weapon; not wielded) Armor e - a +0 robe (being worn) n - a +0 small shield (being worn) y - a +0 dwarvish cloak z - a +0 pair of iron shoes (being worn) N - a +0 leather armor (being worn) Comestibles c - a clove of garlic d - a sprig of wolfsbane m - a lichen corpse w - 3 food rations x - a fortune cookie Scrolls l - a scroll of teleportation named teleport? A - a scroll of identify C - a scroll of light Spellbooks f - a spellbook of detect food g - a spellbook of healing p - a spellbook of clairvoyance Potions b - 3 potions of holy water B - a potion of see invisible Rings t - a ring of slow digestion (on left hand) Wands s - a wand of digging (0:3) Tools h - a blessed magic marker (0:37) i - a tooled horn Gems q - a worthless piece of green glass Y - a garnet stone Spells and supernatural/magical abilities: Name Level Category Fail Memory h - healing 1 healing 0% 93% v - clairvoyance 3 divination 61% 98% E - detect food 2 divination 22% 93% W - pray for help -- divine ? -- X - turn undead -- divine ? -- Your skills at the end: Fighting Skills Weapon Skills mace [Basic] Spellcasting Skills clerical spells [Basic] Final Attributes: You were piously aligned. You were sleep resistant. You had infravision. You had slower digestion. You are dead. Vanquished creatures: a gnome lord 2 dwarves an iguana a brown mold a yellow mold 2 gnomes 4 geckos 4 jackals 2 goblins 6 grid bugs 4 lichens 8 newts 36 creatures vanquished. Voluntary challenges: You were an atheist. You used a wielded weapon 40 times, starting on turn 44. You read items or engraved 8 times, starting on turn 1048. You never genocided any monsters. You never polymorphed an object. You never changed form. You used no wishes. You never split a pudding. You wrote Elbereth's name 1 time, starting on turn 1048. You never violated your personal moral code. Dungeon overview: The Dungeons of Doom: levels 1 to 3 Level 1 a fountain a long staircase Level 2 some fountains, a sink stairs to The Gnomish Mines Level 3 a general store, an altar to Mog The Gnomish Mines: Level 3 <- You were here stairs to The Dungeons of Doom History has recorded: On T:1 you entered the Dungeons of Doom to retrieve the Amulet of Yendor! On T:321 you reached level 2 of The Dungeons of Doom. On T:609 you advanced to experience level 2. On T:1019 you reached level 3 of The Dungeons of Doom. On T:1098 you advanced to experience level 3. On T:1417 you reached level 1 of The Gnomish Mines. On T:1506 you advanced to experience level 4. Score breakdown: Gold: 413 ( 8902 points) Experience: 4 levels ( 9649 points) Exploration: 3 levels ( 6.12%) ( 6123 points) Discoveries: 11 items ( 3.85%) ( 5883 points) Valuables value: (no points given unless you survive) Artifact value: 0 ( 0 points) Variety of kills: 12 monsters ( 3.15%) ( 5324 points) Turncount: 1571 turns ( 0 points) Survival: died (score multiplied by 80%) Total score: 28704 Latest messages: You miss the dwarf. The dwarf thrusts her dagger. The dwarf hits! You miss the dwarf. You hit the dwarf! The dwarf thrusts her dagger. The dwarf misses. You kill the dwarf! There are a few objects here. You hear a distant squeak. The gnome hits! The gnome misses. You kill the gnome! You hit the gnome lord! The gnome lord misses. The gnome misses. You miss the gnome lord. The gnome lord hits! The gnome hits! There are a few objects here. The gnome lord wields a thonged club! You hit the gnome lord! The gnome lord swings his thonged club. The gnome lord hits! You die... Final status: Goodbye Spruce the Priest, killed by a gnome lord... You died in The Gnomish Mines on dungeon level 3 with 28704 points, and 413 pieces of gold, after 1571 moves. You were level 4 with a maximum of 27 hit points when you died.